 Dungeon Sprint DCSS version 0.28.0-53-g5a82cb258f (webtiles) character file.

Game seed: 7325810894923411880

3700000 Zeld the Intangible (level 21, -26/187 HPs)
             Began as a Djinni Monk on May 26, 2022.
             Was the Champion of Makhleb.
             Annihilated by a meat berserker
             ... wielding a +9 battleaxe
              (27 damage)
             ... in the Dungeon (Sprint VIII: "Arena of Blood").
             The game lasted 00:01:05 (37 turns).

Zeld the Intangible (Djinni Monk)                     Turns: 37, Time: 00:01:06

Health: -26/187    AC:  8    Str: 18    XL:     21   Next: 17%
Gold:   0          EV: 30    Int: 13    God:    Makhleb [******] SH:  0 Dex: 18

rFire   + + .      SeeInvis .   g - +∞ Axe of Woe
rCold   . . .      Faith    .   (shield currently unavailable)
rNeg    + + +      Spirit   .   a - +0 robe
rPois   ∞          Reflect  .   (no helmet)
rElec   .          Harm     .   (no cloak)
rCorr   .          Rampage  .   (no gloves)
Will    +++..      NoTele   +   (boots unavailable)
Stlth   +++++.....              (no amulet)
HPRegen 0.41/turn               (no ring)
MPRegen 0.00/turn               (no ring)

@: lich-form, death channelling, flying
A: draining attack, torment immunity, no potions, flying, sickness immunity,
fire resistance 2, cold vulnerability 1, float, innate caster, HP casting, extra
vitality 1
a: End Transformation, Renounce Religion, Minor Destruction, Lesser Servant of
Makhleb, Major Destruction, Greater Servant of Makhleb


You were in the Dungeon.
You worshipped Makhleb.
Makhleb was exalted by your worship.
You were an undead lich.
You visited 1 branch

Inventory:

Hand Weapons
 g - the +∞ Axe of Woe (weapon)
   (You found it in the Dungeon)
Armour
 a - a +0 robe (worn)
Scrolls
 f - a scroll of blinking
Potions
 b - a potion of curing
 c - a potion of heal wounds
 d - a potion of haste
 e - a potion of berserk rage


   Skills:
 O Level 27 Fighting
 O Level 27 Axes
 O Level 27 Dodging
 + Level 12.1 Stealth
 O Level 27 Unarmed Combat
 * Level 26.5 Spellcasting
 O Level 27 Invocations


You had 27 spell levels left.
You knew the following spells:

 Your Spells              Type           Power      Damage    Failure   Level
a - Magic Dart            Conj           100%       1d8       0%          1
b - Ensorcelled Hibernat  Hex/Ice        100%       N/A       0%          2
c - Teleport Other        Tloc           72%        N/A       0%          3
d - Gell's Gravitas       Tloc           72%        N/A       0%          3
e - Alistair's Intoxicat  Tmut/Pois      48%        N/A       0%          5
f - Iskenderun's Battles  Conj           72%        2d12      0%          5
g - Death Channel         Necr           46%        N/A       0%          6
h - Orb of Destruction    Conj           36%        9d11      1%          7
i - Dispersal             Tloc           36%        N/A       0%          6
j - Necromutation         Tmut/Necr      46%        N/A       1%          8
Your spell library was empty.

Dungeon Overview and Level Annotations

Branches:
Dungeon (1/1)

Altars:
Makhleb


Innate Abilities, Weirdness & Mutations

You are an undead lich.
Your unarmed attacks are suffused with negative energy.
You are immune to unholy pain and torment.
Your necromantic spells are more powerful.
You cannot drink.
You are flying.
You are immune to sickness and miasma.
You are immune to poison.
Your flesh is very heat resistant. (rF++)
You are vulnerable to cold. (rC-)
You float through the air rather than walking.
You learn spells naturally, not from books.
Your magical power is your life essence.
You have superior vitality. (+4 MHP)


Message History

You are too injured to fight recklessly!
Unknown command.
You are too injured to fight recklessly!
You are engulfed in blazing flames.
You resist.
You hear a shout! x2
The meat berserker hits your spectral bag of meat with a +9 battleaxe!!! x2
Your spectral bag of meat is destroyed!
The meat berserker is engulfed in blazing flames.
The meat berserker hits you with a +9 battleaxe!!!
* * * LOW HITPOINT WARNING * * *
The meat berserker hits your spectral bag of meat with a +9 battleaxe!
The destroyer gestures at you while chanting.
The destroyer blinks!
Your spectral bag of meat is engulfed in blazing flames.
Your spectral bag of meat hits the meat berserker.
The bag of meat is engulfed in blazing flames.
The bag of meat hits your spectral bag of meat with a +9 war axe.
The meat berserker hits your spectral bag of meat with a +9 battleaxe!!!
Your spectral bag of meat is destroyed!
The large bag of meat is engulfed in blazing flames.
The large bag of meat hits your spectral meat berserker with a +9 giant spiked club!!!!
Your spectral meat berserker is destroyed!
The destroyer gestures at you while chanting.
The destroyer blinks!
The meat berserker is engulfed in blazing flames.
The eight-headed meat hydra bites your spectral bag of meat. x3
The eight-headed meat hydra bites your spectral bag of meat! x2
The eight-headed meat hydra bites your spectral bag of meat.
The eight-headed meat hydra bites your spectral bag of meat! x2
The meat berserker rages.
The eight-headed meat hydra bites your spectral bag of meat!
The eight-headed meat hydra completely misses your spectral bag of meat.
The eight-headed meat hydra barely misses your spectral bag of meat.
The eight-headed meat hydra bites your spectral bag of meat. x2
The eight-headed meat hydra bites your spectral bag of meat but does no damage.
The eight-headed meat hydra bites your spectral bag of meat.
The eight-headed meat hydra barely misses your spectral bag of meat.
The meat berserker is engulfed in blazing flames.
The meat berserker hits you with a +9 battleaxe!!
You die...

..... .. #... ...#
. #... V.o# ....
..###... .o.###..O.
....o.###§V.......
..o.DZZoV.......
#○)o.O#.......
#_ooOO#.......
..#o)OoL#......#
......O)Z)..§....
......###OD§......
..###....ooV###....
. #.......# ...
#.......# .
.o...O.§.
..........
O...○.....


You could see 2 eight-headed meat hydras, 4 destroyers, a large bag of meat
(inner flame, unaware), 6 meat berserkers, 12 bags of meat, 2 friendly spectral
bags of meat and a friendly spectral large bag of meat.

Vanquished Creatures
  A vampire knight (D)
  7 ogres (D)
  3 two-headed ogres (D)
  23 orcs (D)
34 creatures vanquished.

Notes
Turn   | Place    | Note
-------+----------+-------------------------------------------
     0 | D        | Found the +∞ Axe of Woe
     0 | D        | Zeld the Djinni Monk began the quest for the Orb.
     0 | D        | Reached XP level 1. HP: 20/20 MP: 0/0
     2 | D        | Noticed a bag of meat
     2 | D        | Noticed a bag of meat
     4 | D        | Became a worshipper of Makhleb the Destroyer
     4 | D        | Reached * piety under Makhleb
     4 | D        | Reached ** piety under Makhleb
     5 | D        | Killed a bag of meat
     5 | D        | Noticed a bag of meat
     5 | D        | Noticed a bag of meat
     6 | D        | Reached skill level 5 in Stealth
     6 | D        | Reached XP level 2. HP: 36/42 MP: 0/0
     6 | D        | Reached XP level 3. HP: 41/48 MP: 0/0
     6 | D        | Learned a level 1 spell: Magic Dart
     6 | D        | Reached XP level 4. HP: 46/54 MP: 0/0
     6 | D        | Reached XP level 5. HP: 51/59 MP: 0/0
     6 | D        | Learned a level 2 spell: Ensorcelled Hibernation
     6 | D        | Reached XP level 6. HP: 57/66 MP: 0/0
     6 | D        | Reached XP level 7. HP: 61/71 MP: 0/0
     6 | D        | Learned a level 3 spell: Teleport Other
     6 | D        | Reached XP level 8. HP: 66/77 MP: 0/0
     6 | D        | Reached XP level 9. HP: 71/83 MP: 0/0
     6 | D        | Learned a level 3 spell: Gell's Gravitas
     6 | D        | Reached XP level 10. HP: 76/89 MP: 0/0
     6 | D        | Reached XP level 11. HP: 81/94 MP: 0/0
     6 | D        | Learned a level 5 spell: Alistair's Intoxication
     8 | D        | Noticed a meat berserker
     9 | D        | Noticed a bag of meat
     9 | D        | Noticed a bag of meat
     9 | D        | Noticed a bag of meat
    11 | D        | Killed a bag of meat
    11 | D        | Noticed a bag of meat
    11 | D        | Noticed a meat berserker
    11 | D        | Noticed a bag of meat
    11 | D        | Noticed a bag of meat
    12 | D        | Reached skill level 5 in Axes
    12 | D        | Reached skill level 5 in Invocations
    12 | D        | Reached XP level 12. HP: 103/103 MP: 0/0
    12 | D        | Noticed a bag of meat
    12 | D        | Killed a bag of meat
    12 | D        | Killed a meat berserker
    12 | D        | Reached *** piety under Makhleb
    12 | D        | Noticed a meat berserker
    12 | D        | Noticed a bag of meat
    13 | D        | Reached skill level 10 in Invocations
    13 | D        | Reached XP level 13. HP: 115/115 MP: 0/0
    13 | D        | Learned a level 5 spell: Iskenderun's Battlesphere
    13 | D        | Reached XP level 14. HP: 121/121 MP: 0/0
    13 | D        | Noticed a meat berserker
    13 | D        | Killed a bag of meat
    13 | D        | Noticed a bag of meat
    13 | D        | Noticed a bag of meat
    13 | D        | Noticed a bag of meat
    13 | D        | Noticed a meat berserker
    13 | D        | Noticed a bag of meat
    14 | D        | Noticed a meat berserker
    14 | D        | Killed a bag of meat
    14 | D        | Killed a meat berserker
    14 | D        | Reached **** piety under Makhleb
    14 | D        | Killed a bag of meat
    14 | D        | Noticed a bag of meat
    14 | D        | Noticed a bag of meat
    15 | D        | Reached XP level 15. HP: 120/132 MP: 0/0
    15 | D        | Learned a level 6 spell: Death Channel
    15 | D        | Killed a meat berserker
    15 | D        | Reached ***** piety under Makhleb
    15 | D        | Noticed a large bag of meat
    15 | D        | Noticed a meat berserker
    16 | D        | Reached skill level 15 in Axes
    16 | D        | Reached XP level 16. HP: 104/142 MP: 0/0
    17 | D        | Killed a meat berserker
    17 | D        | Killed a meat berserker
    18 | D        | Reached XP level 17. HP: 152/152 MP: 0/0
    18 | D        | Learned a level 7 spell: Orb of Destruction
    18 | D        | Noticed a large bag of meat
    19 | D        | Reached skill level 15 in Spellcasting
    19 | D        | Reached XP level 18. HP: 161/161 MP: 0/0
    19 | D        | Killed a large bag of meat
    19 | D        | Reached ****** piety under Makhleb
    19 | D        | Killed a large bag of meat
    20 | D        | Noticed a destroyer
    21 | D        | Reached skill level 27 in Dodging
    21 | D        | Reached XP level 19. HP: 154/171 MP: 0/0
    21 | D        | Learned a level 6 spell: Dispersal
    22 | D        | Killed a meat berserker
    22 | D        | Killed a meat berserker
    22 | D        | Noticed a meat berserker
    23 | D        | Reached skill level 27 in Fighting
    23 | D        | Noticed a large bag of meat
    25 | D        | Reached skill level 27 in Axes
    25 | D        | Reached skill level 10 in Stealth
    25 | D        | Reached XP level 20. HP: 181/181 MP: 0/0
    25 | D        | Noticed a destroyer
    25 | D        | Noticed an eight-headed meat hydra
    27 | D        | Noticed a destroyer
    28 | D        | Noticed a meat berserker
    28 | D        | Noticed an eight-headed meat hydra
    28 | D        | Noticed a meat berserker
    30 | D        | Noticed a meat berserker
    31 | D        | Noticed a meat berserker
    31 | D        | Noticed a destroyer
    32 | D        | Reached skill level 27 in Unarmed Combat
    32 | D        | Noticed a destroyer
    32 | D        | Noticed a meat berserker
    33 | D        | Reached skill level 27 in Invocations
    33 | D        | Killed a destroyer
    34 | D        | Reached XP level 21. HP: 49/187 MP: 0/0
    34 | D        | Learned a level 8 spell: Necromutation
    34 | D        | Noticed a large bag of meat
    36 | D        | Killed a large bag of meat
    37 | D        | HP: 1/187 [meat berserker/+9 battleaxe (70)]
    37 | D        | Annihilated by a meat berserker

Illustrated notes

Levels and vault maps discovered:
D:        meatsprint

Skill      XL: |  1  2  3  4  5  6  7  8  9 10 11 12 13 14 15 16 17 18 19 20 21 |
---------------+----------------------------------------------------------------+-----
Fighting       | 14 16 18 20 22 23 24 26 27 | 27.0
Axes           | 2 5 9 12 15 18 20 23 27 | 27.0
Dodging        | 16 17 20 22 23 25 27 | 27.0
Stealth        | 5 6 7 8 9 10 11 12 | 12.1
Unarmed Combat | 14 16 18 20 21 22 23 24 25 27 | 27.0
Spellcasting   | 4 8 11 12 14 15 16 19 25 26 | 26.5
Invocations    | 5 10 14 16 18 19 20 24 27 | 27.0

Action                   |  1- 3 |  4- 6 |  7- 9 | 10-12 | 13-15 | 16-18 | 19-21 || total
-------------------------+-------+-------+-------+-------+-------+-------+-------++-------
Melee: Executioner's axe |     1 |       |       |     2 |     3 |     4 |     9 ||    19
 Cast: Death Channel     |       |       |       |       |       |     1 |       ||     1
       Dispersal         |       |       |       |       |       |       |     1 ||     1
       Necromutation     |       |       |       |       |       |       |     1 ||     1
Dodge: Dodged            |       |       |       |       |       |     1 |       ||     1
